 Dungeon Crawl Stone Soup version 0.14-a0-1266-g856eec9 (webtiles) character file.

285 PolkaDot the Ruinous (level 5, -3/35 HPs)
             Began as a Vampire Conjurer on Dec 3, 2013.
             Shot with an arrow by a centaur (14 damage)
             ... on Level 3 of the Dungeon.
             The game lasted 00:17:23 (4244 turns).

PolkaDot the Ruinous (Vampire Conjurer)             Turns: 4244, Time: 00:17:23

HP  -3/35        AC  3     Str  7      XL: 5   Next: 14%
MP   9/9         EV 22     Int 18      God:
Gold 129         SH  0     Dex 19      Spells:  3 memorised,  1 level left

rFire  . . .     SeeInvis +     s - +0 dagger
rCold  . . .     Clarity  .     j - +0 robe (curse)
rNeg   . . .     Conserve .     (no shield)
rPois  .         rCorr    .     (no helmet)
rElec  .         rRot     .     (no cloak)
SustAb . .       Spirit   .     (no gloves)
rMut   .         Warding  .     k - +0 pair of boots
Saprov . . .     Stasis   +     q - amulet of stasis {unknown}
                                (no ring)
                                m - +4 ring of evasion

@: regenerating quickly, agile, slightly resistant to hostile enchantments, very
stealthy
A: fangs 3, see invisible, sense surroundings 1, unbreathing
a: no special abilities


You were on level 3 of the Dungeon.
You were full.

You visited 1 branch of the dungeon, and saw 3 of its levels.

You collected 129 gold pieces.

Inventory:

Hand weapons
 e - a +0,+2 dagger of holy wrath
 s - a +0,+0 dagger (weapon)
Armour
 j - a cursed +0 robe (worn)
 k - a +0 pair of boots (worn)
Magical devices
 l - a wand of magic darts (10)
Scrolls
 a - a scroll of enchant weapon I {unknown}
 b - 3 scrolls of remove curse {unknown}
 f - a scroll of curse jewellery {unknown}
 h - 2 scrolls of curse weapon {unknown}
 i - a scroll of noise {unknown}
 n - a scroll of identify {unknown}
 p - a scroll of teleportation {unknown}
 v - 2 scrolls of curse armour {unknown}
 w - a scroll of enchant weapon II {unknown}
 x - a scroll of enchant armour {unknown}
 y - a scroll of random uselessness {unknown}
 A - a scroll of immolation {unknown}
Jewellery
 m - a +4 ring of evasion (left hand)
 q - an amulet of stasis (around neck) {unknown}
Potions
 o - a potion of lignification
 z - a potion of cure mutation
Books
 c - a book of Conjurations

   Spells                             Type                      Level
   *Magic Dart                        Conjuration                  1
   *Searing Ray                       Conjuration                  2
   Dazzling Spray                     Conjuration/Hexes            3
   *Iskenderun's Mystic Blast         Conjuration                  4
   Iskenderun's Battlesphere          Conjuration/Charms           4
   Fulminant Prism                    Conjuration/Hexes            5


   Skills:
 - Level 2.1 Dodging
 - Level 3.0 Stealth
 - Level 2.0 Spellcasting
 * Level 4.9 Conjurations


You had one spell level left.
You knew the following spells:

 Your Spells              Type           Power        Failure   Level  Hunger
a - Magic Dart            Conj           ###.         2%          1    #......
d - Iskenderun's Mystic   Conj           ###.....     28%         4    #####..
s - Searing Ray           Conj           ###...       4%          2    ##.....


Dungeon Overview and Level Annotations

Branches:
Dungeon (3/16)

Altars:


Innate Abilities, Weirdness & Mutations

Your natural rate of healing is unusually fast.
You have razor-sharp teeth.*
You have supernaturally acute eyesight.
You can survive without breathing.*
You passively map a small area around you.+


Message History

Drink which item? (? for menu, Esc to quit)
Okay, then.
You enter the shallow water.
Moving in this stuff is going to be slow.
The centaur shouts!
The centaur shoots an arrow.
The arrow misses you.
You hear a splash.
The centaur shoots an arrow.
The arrow hits you!
You hear a splash.
The centaur shoots an arrow.
The arrow misses you.
The centaur shoots an arrow.
The arrow misses you.
You hear a splash.
You see here 3 arrows.
Casting: Magic Dart
Confirm with . or Enter, or press ? or * to list all spells.
You can't see any susceptible monsters within range! (Use Z to cast anyway.)
The centaur shoots an arrow.
The arrow misses you.
You see here an arrow.
The centaur shoots an arrow.
The arrow hits you!
You die...

......######.##.# ≈ ≈≈≈≈≈≈≈≈≈≈≈.#
#.........##.##.##≈≈≈≈≈≈≈≈≈≈≈≈≈.#
#.#######.##.##.##≈≈≈≈≈≈≈≈≈≈≈≈≈.#
#.# #.##.##.##≈≈≈≈≈≈≈≈≈≈≈≈≈.. #.#
#.##.##.##≈≈≈≈≈≈≈≈≈≈≈≈≈#. ..#
#.......##≈≈≈≈≈...≈≈≈≈≈.. ..#
#.......##≈≈≈c≈...≈≈≈≈≈## ..#
#..###(.##≈≈≈≈c...≈≈≈≈≈..
..#######..# #..@(≈≈≈≈≈≈≈≈≈≈≈≈≈..
...........###(...(≈≈≈≈≈≈≈≈≈≈≈≈..
.####.......((((##≈≈≈≈≈≈≈≈≈≈≈≈≈..
....######...##.##≈≈≈≈≈≈≈≈≈≈≈≈≈..
....# #..###.##≈≈≈≈≈≈≈≈≈≈≈≈≈##
....# #..###.####)######($.#
....# ####...##.# #(# #...# ....#
#......##.## #(######)#.#
....###.##...#...# #((........###


You could see 2 centaurs.

Vanquished Creatures
  4 adders
  3 giant mites
  4 worms
  A giant gecko (D:3)
  An ooze (D:1)
  An orc (D:3)
  2 ball pythons
  6 giant cockroaches
  5 goblins
  10 hobgoblins
  5 jackals
  7 kobolds
  11 bats
  2 giant newts
  3 quokkas
  6 rats
71 creatures vanquished.

Notes
Turn   | Place    | Note
--------------------------------------------------------------
     0 | D:1      | PolkaDot, the Vampire Conjurer, began the quest for the Orb.
     0 | D:1      | Reached XP level 1. HP: 13/13 MP: 3/3
   335 | D:1      | Reached XP level 2. HP: 7/19 MP: 0/4
   621 | D:1      | Learned a level 2 spell: Searing Ray
  1226 | D:1      | Reached XP level 3. HP: 20/24 MP: 0/6
  1714 | D:2      | Reached skill level 4 in Conjurations
  2029 | D:2      | Reached XP level 4. HP: 23/30 MP: 1/7
  2038 | D:2      | Learned a level 4 spell: Iskenderun's Mystic Blast
  2900 | D:3      | Noticed a centaur
  3443 | D:3      | Reached XP level 5. HP: 32/35 MP: 2/9
  3595 | D:3      | Noticed a centaur
  4191 | D:3      | Gained mutation: You passively map a small area around you. [potion of beneficial mutation]
  4244 | D:3      | Shot with an arrow by a centaur

Action                   |  1- 3 |  4- 6 || total
-------------------------+-------+-------++-------
Melee: Unarmed           |    66 |       ||    66
       Dagger            |       |    81 ||    81
 Cast: Magic Dart        |    75 |    25 ||   100
       Searing Ray       |     8 |    10 ||    18
Evoke: Wand              |     5 |       ||     5
  Use: Potion            |     1 |     7 ||     8
 Stab: Sleeping          |     1 |     2 ||     3
       Distracted        |       |     1 ||     1
